 Dungeon Crawl Stone Soup version 0.17-a0-877-ga10078a (webtiles) character file.

378158 oplop the Timeless (level 23, -2/157 HPs)
             Began as a Gargoyle Venom Mage on Apr 29, 2015.
             Was a High Priest of Cheibriados.
             Shot with a bolt of flame by a yaktaur captain (15 damage)
             ... on level 5 of the Vaults on Apr 30, 2015.
             The game lasted 02:47:59 (45492 turns).

oplop the Timeless (Gargoyle Venom Mage)           Turns: 45492, Time: 02:47:59

Health: -2/157     AC: 52    Str: 26    XL:     23   Next: 14%
Magic:  20/40      EV: 16    Int: 38    God:    Cheibriados [*****.]
Gold:   4349       SH:  9    Dex: 27    Spells: 12 memorised, 8 levels left

rFire  + . .     SeeInvis .     s - +5 demon trident (elec)
rCold  + + .     Clarity  +     b - +7 chain mail of the Cooper {rElec rC+ rN+ Stlth+}
rNeg   + + .     SustAb   .     o - +2 buckler
rPois  ∞         Gourm    .     (helmet restricted)
rElec  +         Spirit   .     y - +2 cloak {MR+}
rCorr  .         Warding  .     J - +1 pair of gloves {archery}
rMut   .         Stasis   .     E - +2 pair of boots
MR     ++...                    W - amulet of clarity
Stlth  +.........               n - +6 ring of slaying
                                V - ring of Molul {rF+ Dex+6}

@: flying, very slightly contaminated, very slow, very resistant to hostile
enchantments, very unstealthy
A: big wings, hooves 1, horns 1, thin metallic scales 1, blurry vision 1, clumsy
1, cold resistance 1, deterioration 1, negative energy resistance 1, robust 1,
shaggy fur 1, electricity resistance, wild magic 2, unbreathing, petrification
resistance, rot immunity, AC +17
a: Stop Flying, Bend Time, Temporal Distortion, Slouch, Step From Time, Renounce
Religion
}: 1/15 runes: gossamer


You were on level 5 of the Vaults.
You worshipped Cheibriados.
Cheibriados was extremely pleased with you.
You were not hungry.

You visited 8 branches of the dungeon, and saw 44 of its levels.
You visited the Abyss 1 time.
You also visited: Labyrinth, Bailey and Ice Cave.

You collected 5849 gold pieces.
You spent 1500 gold pieces at shops.

Inventory:

Hand weapons
 s - a +5 demon trident of electrocution (weapon)
Missiles
 i - 1335 stones (quivered)
Armour
 b - the +7 chain mail of the Cooper (worn) {rElec rC+ rN+ Stlth+}
   (You bought it in a shop on level 4 of the Vaults)

   It protects you from cold.
   It insulates you from electricity.
   It protects you from negative energy.
   It makes you more stealthy.
 o - a +2 buckler (worn)
 q - a +2 hat
 y - a +2 cloak of magic resistance (worn)
 E - a +2 pair of boots (worn)
 J - a +1 pair of gloves of archery (worn)
 T - a +2 hat
Jewellery
 a - an uncursed ring of wizardry
 n - a +6 ring of slaying (right hand)
 H - an uncursed ring of sustain abilities
 K - an uncursed ring of see invisible
 V - the ring of Molul (left hand) {rF+ Dex+6}
   (You found it on level 3 of the Elven Halls)

   [ring of protection from fire]

   It affects your dexterity (+6).
   It protects you from fire.
 W - an amulet of clarity (around neck)
 X - the ring of Curiosity {MR+ Dex+4}
   (You found it on level 3 of the Elven Halls)

   [ring of protection from magic]

   It affects your dexterity (+4).
   It affects your resistance to hostile enchantments.
Magical devices
 d - a wand of teleportation (8)
 e - a wand of lightning (3)
 B - a wand of invisibility (2)
 L - a wand of digging (5)
 R - a wand of teleportation (6)
 Y - a wand of frost (35)
Scrolls
 f - 22 scrolls of teleportation
 h - 4 scrolls of enchant armour
 j - 5 scrolls of fear
 l - 5 scrolls of recharging
 p - 9 scrolls of amnesia
 t - a scroll of holy word
 u - a scroll of immolation
 v - 2 scrolls of enchant weapon
 z - 3 scrolls of identify
 C - 22 scrolls of remove curse
 G - 2 scrolls of fog
 I - 8 scrolls of blinking
 M - 6 scrolls of magic mapping
 N - a scroll of summoning
Potions
 g - 7 potions of might
 k - 4 potions of cancellation
 m - 3 potions of resistance
 r - 8 potions of heal wounds
 w - 18 potions of curing
 x - 4 potions of flight
 A - 3 potions of agility
 O - a potion of magic
 P - a potion of invisibility
 Q - 4 potions of brilliance
 Z - 8 potions of ambrosia
Books
 S - a book of Necromancy

   Spells                             Type                      Level
   a - Pain                           Necromancy                   1
   b - Animate Skeleton               Necromancy                   1
   c - Vampiric Draining              Necromancy                   3
   d - Regeneration                   Charms/Necromancy            3
   e - Animate Dead                   Necromancy                   4
   f - Control Undead                 Necromancy                   4
Miscellaneous
 F - a legendary deck of escape {Swap}
Comestibles
 c - 18 bread rations
 D - 4 fruits


   Skills:
 - Level 14.6 Fighting
 - Level 17.0 Polearms
 + Level 17.8 Armour
 - Level 6.7 Dodging
 - Level 2.1 Stealth
 - Level 5.8 Shields
 + Level 13.7 Spellcasting
 + Level 8.9 Conjurations
 - Level 9.2 Charms
 - Level 6.0 Translocations
 - Level 7.9 Poison Magic
 + Level 19.2 Invocations


You had 8 spell levels left.
You knew the following spells:

 Your Spells              Type           Power        Failure   Level  Hunger
a - Sting                 Conj/Pois      ####         4%          1    None
b - Mephitic Cloud        Conj/Pois/Air  #######.     10%         3    None
c - Olgreb's Toxic Radia  Pois           ########     12%         4    None
d - Venom Bolt            Conj/Pois      ########..   21%         5    None
e - Blink                 Tloc           N/A          8%          2    None
f - Repel Missiles        Chrm/Air       ######       8%          2    None
g - Apportation           Tloc           #######...   6%          1    None
h - Phase Shift           Tloc           #######...   41%         5    None
i - Control Teleport      Chrm/Tloc      ########..   12%         4    None
j - Passage of Golubria   Tloc           N/A          21%         4    None
k - Regeneration          Chrm/Necr      #######...   12%         3    None
l - Orb of Destruction    Conj           ########..   99%         7    ####...


Dungeon Overview and Level Annotations

Branches:
Dungeon (15/15)            Temple (1/1) D:5            Lair (8/8) D:9
  Swamp (4/4) Lair:4       Spider (4/4) Lair:4        Slime (0/6) Lair:7
    Orc (4/4) D:12            Elf (3/3) Orc:3        Vaults (5/5) D:14
  Crypt (0/3) Vaults:2     Depths (0/5) D:15

Altars:
Ashenzari
Cheibriados
Dithmenos
Elyvilon
Fedhas
Gozag
Kikubaaqudgha
Makhleb
Nemelex Xobeh
Okawaru
Qazlal
Ru
Sif Muna
Trog
Vehumet
Xom
Yredelemnul
Zin
The Shining One
Beogh

Shops:
D:15 ?   Orc:1 }   Orc:4 *([=   Elf:2 ?!   Vaults:2 =(!   Vaults:4 ([=*

Annotations:
D:4 Chiseanne's ghost, average OgEn
D:12 1 runed door
Swamp:4 Lernaean hydra


Innate Abilities, Weirdness & Mutations

You are resistant to torment.
Your stone body is resilient (AC +17).
You are immune to poison.
Your large and strong wings let you fly indefinitely.
You resist negative energy.
You are resistant to electric shocks.
You can survive without breathing.
You are immune to petrification.
You are immune to rotting.
You have large cloven feet.
You have a pair of small horns on your head.
You are partially covered in thin metallic scales (AC +2).
Scrolls take you a little longer to read.
You are clumsy. (Dex -2)
Your flesh is cold resistant.
Your body sometimes deteriorates upon taking damage.
You are robust (+10% HP).
You are covered in fur (AC +1).
Your spells are harder to cast, but more powerful.


Message History

Unknown command.
Unknown command.
Unknown command.
You may choose your destination (press '.' or delete to select).
Expect minor deviation.
You are very lightly contaminated with residual magic.
You feel uncertain.
An ogre comes into view. It is wielding a giant club.
The ogre shouts!
The yaktaur captain wields an arbalest.
The yaktaur captain shoots a bolt of flame.
The bolt of flame hits you!!
* * * LOW HITPOINT WARNING * * *
The bolt of flame burns you.
* * * LOW HITPOINT WARNING * * *
The stone giant throws a large rock.
The large rock hits you but does no damage.
The yaktaur captain shoots a bolt of flame.
The bolt of flame hits you!
You die...

#... ..##....#
....#....##.
...X#....#..#
..(.[......#
######........###
......)[[.[......
.....[.))<<.......
.......[(<@[<.[....
........((<<.......
#######([[C[...###
....[)c=O.O..
..##(#....#.... #|!
#.#....#... #
..#.(..# .
?..#.(..# $..#....#


You could see a tentacled monstrosity, a stone giant, a yaktaur captain and 2
ogres.

Vanquished Creatures
  Norris (Spider:4)
  A golden dragon (Vaults:5)
  Arachne (Spider:4)
  A tentacled monstrosity (Vaults:3)
  2 deep elf blademasters (Elf:3)
  2 sphinxes (Vaults:5)
  A deep elf master archer (Elf:3)
  A quicksilver dragon (Vaults:5)
  A lich (Vaults:3)
  Agnes (Elf:2)
  3 tengu reavers
  3 shadow dragons
  A storm dragon (shapeshifter) (Vaults:5)
  A storm dragon (Vaults:5)
  5 thorn hunters
  A frost giant (Vaults:4)
  2 fire giants
  An orc warlord (Orc:4)
  4 emperor scorpions (Spider:4)
  14 deep elf sorcerers
  8 vault wardens
  4 ghost moths
  A war gargoyle (Vaults:2)
  3 very ugly things
  5 stone giants
  16 ironheart preservers
  Nessos (Lair:8)
  7 deep elf demonologists
  Azrael (Elf:1)
  9 deep elf annihilators
  2 eidola (Vaults:2)
  Snorg (Orc:1)
  4 ettins
  6 deep elf death magi
  A minotaur (Lab)
  2 fire dragons
  A great orb of eyes (Vaults:4)
  36 vault guards
  5 deep elf high priests (Elf:3)
  8 ogre magi
  4 entropy weavers
  Fannar (Orc:1)
  26 hydras
  An ice dragon (Vaults:1)
  11 yaktaur captains
  Erolcha (Orc:1)
  7 centaur warriors
  A ghost crab (Swamp:3)
  A catoblepas (Lair:6)
  18 dancing weapons (Elf:2)
  A death knight (Vaults:2)
  3 salamander stormcallers
  3 orc high priests
  A deep troll shaman (Vaults:1)
  6 alligators
  5 death yaks
  2 small abominations (Elf:3)
  A deep troll earth mage (Vaults:2)
  Sonja (D:12)
  A sun demon (Elf:3)
  A fire crab (Vaults:1)
  3 unseen horrors
  3 shadow wraiths
  The ghost of Ladykiller69 the Blocker, an experienced FoFi of Cheibriados (D:14)
  16 deep trolls
  A skeletal warrior (Vaults:1)
  An ice devil (Elf:3)
  10 swamp dragons
  4 giant orange brains
  33 deep elf knights
  2 deep trolls (shapeshifter)
  11 deep elf summoners
  4 flayed ghosts
  2 ice statues (IceCv)
  8 hill giants
  3 shambling mangroves
  2 necromancers
  A shadow dragon zombie (Vaults:4)
  Pikel (D:8)
  A wolf spider zombie (D:14)
  24 orb spiders
  9 harpies
  3 wizards (Vaults:3)
  17 ironbrand convokers
  18 deep elf conjurers
  4 orc sorcerers
  19 wolf spiders
  36 ugly things
  8 hornets
  A manticore (D:12)
  A sixfirhy (Elf:3)
  2 moths of wrath
  28 orc knights
  9 griffons
  A fire giant skeleton (Vaults:4)
  6 centaur zombies
  5 cyclopes
  9 black mambas
  A guardian serpent (shapeshifter) (D:15)
  30 spiny frogs
  2 orange demons (Elf:3)
  19 vault sentinels
  A gargoyle (D:14)
  2 torpor snails
  4 centaur skeletons
  2 kobold demonologists
  8 komodo dragons
  A yaktaur zombie (Vaults:4)
  28 yaktaurs
  3 fire drakes
  24 deep elf priests
  An efreet (D:14)
  21 demonic crawlers
  2 tengu conjurers
  2 elves (shapeshifter)
  A queen bee (Spider:3)
  14 trolls
  A tengu simulacrum (Vaults:2)
  A polar bear (shapeshifter) (Elf:3)
  3 freezing wraiths
  A red devil (Elf:3)
  12 two-headed ogres
  29 jumping spiders
  2 polar bears (Lair:6)
  A blue devil (Elf:3)
  A harpy skeleton (D:15)
  8 giant leeches
  A wandering mushroom (Lair:6)
  4 boulder beetles
  2 fire vortices (Vaults:3)
  6 bog bodies
  An ettin zombie (Vaults:4)
  2 baby alligators (shapeshifter)
  11 blink frogs
  A fire giant simulacrum (Vaults:4)
  35 slime creatures
  3 ravens (Swamp:1)
  3 baby alligators (Swamp:1)
  43 deep elf magi
  2 wyverns
  A trapdoor spider (shapeshifter) (Vaults:5)
  3 shadows
  32 redbacks
  4 basilisks
  7 spriggans
  32 yaks
  3 fire elementals (Elf:1)
  22 trapdoor spiders
  A yak (shapeshifter) (Vaults:1)
  31 vampire mosquitoes
  Grum (D:11)
  24 tarantellas
  12 hippogriffs
  5 mottled dragons
  49 deep elf fighters
  3 hungry ghosts
  10 wolves
  3 wraiths
  3 steam dragons
  8 wargs
  A soldier ant (D:12)
  2 hell hounds (Elf:1)
  28 water moccasins
  22 swamp worms
  13 porcupines
  4 slaves
  14 swamp drakes
  A necrophage (D:13)
  55 orc warriors
  13 wasps
  4 black bears
  14 ice beasts
  7 sky beasts
  26 spiders
  13 centaurs
  A crocodile (shapeshifter) (Elf:1)
  2 boring beetles (Lair:6)
  2 eyes of draining
  4 big kobolds
  27 ogres
  3 boggarts (Vaults:3)
  36 giant frogs
  12 crocodiles
  4 wyvern zombies
  A gnoll sergeant (D:4)
  A glowing shapeshifter simulacrum (Vaults:3)
  2 water moccasin zombies (D:8)
  2 wyvern skeletons (D:14)
  4 scorpions
  An elf simulacrum (Vaults:3)
  9 wights
  19 jellies
  40 killer bees
  7 electric eels
  2 giant frog zombies
  A goliath beetle (D:12)
  6 crimson imps
  2 quasits
  10 hounds
  A gnoll shaman (D:7)
  Crazy Yiuf (D:2)
  30 orc priests
  Ijyb (D:2)
  9 iguanas
  32 orc wizards
  2 giant frog skeletons
  14 worker ants
  Natasha (thrice) (D:2)
  4 hell rats
  20 sheep
  A hound skeleton (D:11)
  A worker ant zombie (D:11)
  Robin (D:2)
  11 adders
  10 gnolls
  62 river rats
  6 shadow imps
  3 oozes
  An ufetubus (Orc:4)
  3 adder skeletons
  2 worms
  6 giant geckos
  216 orcs
  A bat zombie (D:6)
  5 giant cockroaches
  18 hobgoblins
  16 jackals
  50 kobolds
  3 quokkas
  A ball python (D:2)
  13 bats
  A giant gecko zombie (D:7)
  4 giant newts
  A giant spore (D:11)
  33 goblins
  8 rats
  4 ballistomycetes (D:11)
  4 butterflies (D:12)
  A crawling corpse (Elf:3)
  3 fungi (Elf:3)
2185 creatures vanquished.

Vanquished Creatures (others)
  A vault guard (Vaults:5)
  An alligator (Swamp:2)
  2 deep elf knights (Elf:1)
  A shadow wraith (Vaults:4)
  A deep elf priest (Elf:2)
  A hellwing (Elf:3)
  A redback (Spider:2)
  A deep elf fighter (Vaults:5)
  An ogre (D:11)
  A centaur (Vaults:1)
  5 lost souls
  An orc (D:10)
  A giant spore (D:11)
  3 fungi
  5 plants
26 creatures vanquished.

Grand Total: 2211 creatures vanquished

Notes
Turn   | Place    | Note
--------------------------------------------------------------
     0 | D:1      | oplop, the Gargoyle Venom Mage, began the quest for the Orb.
     0 | D:1      | Reached XP level 1. HP: 10/10 MP: 3/3
   244 | D:1      | Reached XP level 2. HP: 7/15 MP: 0/5
  1060 | D:1      | Reached skill level 1 in Conjurations
  1231 | D:2      | Reached XP level 3. HP: 19/19 MP: 4/6
  1237 | D:2      | Noticed Natasha
  1261 | D:2      | Killed Natasha
  1261 | D:2      | Reached skill level 1 in Shields
  1551 | D:2      | Noticed Natasha
  1570 | D:2      | Killed Natasha
  1570 | D:2      | Reached XP level 4. HP: 7/24 MP: 1/7
  1754 | D:2      | Noticed Ijyb
  1755 | D:2      | Noticed Natasha
  1757 | D:2      | Killed Natasha
  1779 | D:2      | Killed Ijyb
  1890 | D:2      | Reached XP level 5. HP: 28/28 MP: 6/8
  1909 | D:2      | Reached skill level 5 in Poison Magic
  1921 | D:2      | Learned a level 3 spell: Mephitic Cloud
  2208 | D:2      | Noticed Crazy Yiuf
  2234 | D:2      | Killed Crazy Yiuf
  2270 | D:2      | Noticed Robin
  2462 | D:2      | Killed Robin
  3387 | D:4      | Reached XP level 6. HP: 32/32 MP: 10/10
  3439 | D:4      | Noticed Chiseanne's ghost (average OgEn)
  4040 | D:5      | Entered Level 5 of the Dungeon
  4091 | D:4      | Reached XP level 7. HP: 32/36 MP: 1/12
  4345 | D:5      | Reached skill level 6 in Poison Magic
  4639 | D:5      | Found a staircase to the Ecumenical Temple.
  4649 | Temple   | Entered the Ecumenical Temple
  5136 | D:5      | Reached XP level 8. HP: 37/41 MP: 8/14
  5220 | D:5      | Reached skill level 5 in Conjurations
  5968 | D:6      | Reached skill level 5 in Shields
  5968 | D:6      | Reached skill level 7 in Poison Magic
  6069 | D:6      | Reached skill level 5 in Spellcasting
  6204 | D:6      | Learned a level 4 spell: Olgreb's Toxic Radiance
  6282 | D:6      | Gained mutation: Scrolls take you a little longer to read. [mutagenic meat]
  6283 | D:6      | Gained mutation: Your flesh is cold resistant. [mutagenic meat]
  6284 | D:6      | Gained mutation: You can breathe flames. [mutagenic meat]
  6285 | D:6      | Gained mutation: Your spells are a little harder to cast, but a little more powerful. [mutagenic meat]
  6316 | D:6      | Reached XP level 9. HP: 35/45 MP: 4/16
  6638 | D:7      | Found a stormy altar of Qazlal.
  6638 | D:7      | Found a basalt altar of Yredelemnul.
  6645 | D:7      | Found an iron altar of Okawaru.
  6744 | D:7      | Found a deep blue altar of Sif Muna.
  6866 | D:7      | Found an opulent altar of Gozag.
  6867 | D:7      | Found a glowing silver altar of Zin.
  6868 | D:7      | Found a radiant altar of Vehumet.
  6869 | D:7      | Found a shadowy altar of Dithmenos.
  6869 | D:7      | Found a snail-covered altar of Cheibriados.
  6891 | D:7      | Became a worshipper of Cheibriados the Contemplative
  7235 | D:7      | Reached skill level 1 in Fighting
  7235 | D:7      | Reached skill level 1 in Armour
  7313 | D:7      | Reached skill level 1 in Polearms
  7554 | D:8      | Acquired Cheibriados's first power
  7766 | D:8      | Noticed Pikel
  7784 | D:8      | Killed Pikel
  7784 | D:8      | Reached XP level 10. HP: 40/56 MP: 9/19
  8231 | D:9      | Reached skill level 8 in Conjurations
  8589 | D:9      | Found a staircase to the Lair.
  8722 | D:10     | Entered Level 10 of the Dungeon
  8761 | D:10     | Noticed a hill giant
  8770 | D:10     | Acquired Cheibriados's second power
  8786 | D:10     | Killed a hill giant
  8954 | D:10     | Reached skill level 1 in Invocations
  8955 | D:10     | Reached skill level 5 in Armour
  9083 | D:10     | Reached XP level 11. HP: 54/62 MP: 21/21
  9104 | D:10     | Noticed a hill giant
  9278 | D:10     | Reached skill level 5 in Fighting
  9368 | D:10     | Killed a hill giant
  9446 | D:10     | Noticed a hill giant
  9452 | D:10     | Killed a hill giant
  9616 | D:11     | Noticed a five-headed hydra
  9830 | D:11     | Acquired Cheibriados's third power
  9927 | D:11     | Reached skill level 5 in Invocations
 10084 | D:11     | Noticed Grum
 10097 | D:11     | Killed Grum
 10136 | D:10     | Acquired Cheibriados's fourth power
 10164 | D:10     | Reached skill level 5 in Polearms
 10407 | Lair:1   | Entered Level 1 of the Lair of Beasts
 10493 | Lair:1   | Found a labyrinth entrance.
 10505 | Lab      | Entered a labyrinth
 10697 | Lab      | Noticed a minotaur
 10717 | Lab      | Killed a minotaur
 10857 | Lair:1   | Got a jet-encrusted leather armour
 10868 | Lair:1   | Identified the +2 leather armour of the Republic {Int+4 Dex+4} (You found it on level 1 of the Lair of Beasts)
 11067 | Lair:1   | Noticed an eight-headed hydra
 11073 | Lair:1   | Killed an eight-headed hydra
 11260 | Lair:1   | Reached XP level 12. HP: 59/71 MP: 22/22
 11451 | Lair:1   | Noticed an eight-headed hydra
 11460 | Lair:1   | Killed an eight-headed hydra
 11608 | Lair:2   | Learned a level 5 spell: Venom Bolt
 12737 | Lair:3   | Reached skill level 9 in Invocations
 13559 | Lair:4   | Got a pitted cloak
 13570 | Lair:4   | Identified the +5 cloak of Conscience {Int-2 Dex+7} (You found it on level 4 of the Lair of Beasts)
 13911 | Lair:4   | Found a staircase to the Swamp.
 13940 | Lair:4   | Found a hole to the Spider Nest.
 14205 | Lair:5   | Reached skill level 10 in Invocations
 14372 | Lair:5   | Reached XP level 13. HP: 73/79 MP: 23/23
 14879 | Lair:6   | You fall through a shaft!
 14887 | Lair:7   | Found a staircase to the Slime Pits.
 15340 | Lair:7   | Lost mutation: You can breathe flames. [potion of mutation]
 15340 | Lair:7   | Gained mutation: You are robust (+10% HP). [potion of mutation]
 15341 | Lair:7   | Gained mutation: Your body sometimes deteriorates upon taking damage. [potion of mutation]
 15341 | Lair:7   | Gained mutation: You have large cloven feet. [potion of mutation]
 15807 | Lair:7   | HP: 1/86 [eight-headed hydra (4)]
 16029 | Lair:8   | Entered Level 8 of the Lair of Beasts
 16029 | Lair:8   | Noticed Nessos
 16072 | Lair:8   | Killed Nessos
 16072 | Lair:8   | Reached skill level 11 in Invocations
 16247 | Lair:7   | Reached skill level 10 in Armour
 16451 | Lair:8   | Gained mutation: Your large and strong wings let you fly indefinitely. [Gargoyle growth]
 16451 | Lair:8   | Reached XP level 14. HP: 81/92 MP: 21/26
 17729 | Lair:6   | Reached skill level 5 in Dodging
 17895 | Lair:1   | Learned a level 2 spell: Blink
 17898 | Lair:1   | Learned a level 2 spell: Repel Missiles
 18378 | D:11     | Got a dazzling cloak
 18389 | D:11     | Identified the +2 cloak "Eggadeg" {rElec Int+3} (You found it on level 11 of the Dungeon)
 18513 | D:11     | Killed a five-headed hydra
 18966 | D:12     | Reached skill level 1 in Translocations
 18966 | D:12     | Reached skill level 12 in Invocations
 19048 | D:12     | Found a staircase to the Orcish Mines.
 19214 | D:12     | Found a runed door.
 19231 | D:12     | Found a runed door.
 19354 | D:12     | Found a sacrificial altar of Ru.
 19354 | D:12     | Noticed Sonja
 19367 | D:12     | Killed Sonja
 19776 | D:13     | Found a frozen archway.
 20103 | IceCv    | Entered an ice cave
 20755 | D:13     | Found a sacrificial altar of Ru.
 20913 | D:13     | Gained mutation: You have a pair of small horns on your head. [mutagenic meat]
 20914 | D:13     | Gained mutation: You are clumsy. (Dex -2) [mutagenic meat]
 20915 | D:13     | Gained mutation: Armour fits poorly on your strangely shaped body. [mutagenic meat]
 20916 | D:13     | Lost mutation: You are clumsy. (Dex -2) [mutagenic meat]
 21384 | D:14     | Learned a level 1 spell: Apportation
 21423 | D:14     | Reached XP level 15. HP: 99/99 MP: 28/28
 21838 | D:14     | Found a gate to the Vaults.
 21963 | D:14     | Noticed Ladykiller69's ghost (experienced FoFi)
 21977 | D:14     | Killed Ladykiller69's ghost
 22248 | D:15     | Entered Level 15 of the Dungeon
 22256 | D:15     | Reached skill level 10 in Polearms
 22286 | D:15     | Identified a scroll of acquirement
 22318 | D:15     | Found a staircase to the Depths.
 22318 | D:15     | Noticed a fire giant
 22548 | D:12     | Reached skill level 13 in Invocations
 22608 | Orc:1    | Entered Level 1 of the Orcish Mines
 22608 | Orc:1    | Noticed Fannar
 22621 | Orc:1    | Killed Fannar
 22625 | Orc:1    | Found Nikiklesic's Gadget Boutique.
 22717 | Orc:1    | Found a flagged portal.
 22772 | Bailey   | Entered a bailey
 23070 | Orc:1    | Noticed Snorg
 23076 | Orc:1    | Noticed Erolcha
 23083 | Orc:1    | Killed Snorg
 23086 | Orc:1    | Killed Erolcha
 23086 | Orc:1    | Reached skill level 10 in Spellcasting
 23455 | Orc:3    | Found a staircase to the Elven Halls.
 23858 | Orc:4    | Entered Level 4 of the Orcish Mines
 23962 | Orc:4    | Found Kofommu's Antique Weapon Emporium.
 24037 | Orc:4    | Found Nune's Antique Armour Shoppe.
 24091 | Orc:4    | Found Meomozag's Jewellery Emporium.
 24177 | Orc:4    | Found Nashramych's General Store.
 24191 | Orc:4    | Reached skill level 5 in Translocations
 24233 | Orc:4    | Bought a scroll of identify for 32 gold pieces
 24678 | Orc:2    | Found a roughly hewn altar of Beogh.
 25497 | Lair:7   | Got a dazzling broad axe
 25498 | Lair:7   | Identified the cursed +3 broad axe "Qeiprelo" {flame, Int+3} (You found it on level 7 of the Lair of Beasts)
 25572 | Lair:8   | Reached XP level 16. HP: 88/105 MP: 30/30
 25766 | Lair:8   | Got a pitted morningstar
 25767 | Lair:8   | Identified the +8 morningstar "Trog's Hatred" {drain, rPois rN+ Str+2} (You found it on level 8 of the Lair of Beasts)
 25771 | Lair:8   | Got a pitted scale mail
 25782 | Lair:8   | Identified the +1 scale mail of Woaly {rF- rC+ Str+3} (You found it on level 8 of the Lair of Beasts)
 26193 | Lair:1   | Learned a level 5 spell: Phase Shift
 26198 | Lair:1   | Learned a level 4 spell: Control Teleport
 26203 | Lair:1   | Learned a level 4 spell: Passage of Golubria
 26285 | Swamp:1  | Entered Level 1 of the Swamp
 26490 | Swamp:1  | Reached skill level 14 in Invocations
 27670 | Swamp:2  | Noticed a thorn hunter
 27684 | Swamp:2  | Killed a thorn hunter
 27731 | Swamp:2  | Noticed a thorn hunter
 27742 | Swamp:2  | Killed a thorn hunter
 28139 | Swamp:3  | Noticed a thorn hunter
 28150 | Swamp:3  | Killed a thorn hunter
 28506 | Swamp:4  | Entered Level 4 of the Swamp
 28608 | Swamp:4  | Noticed a thorn hunter
 28620 | Swamp:4  | Killed a thorn hunter
 29235 | Swamp:4  | Reached XP level 17. HP: 110/110 MP: 32/32
 29579 | Swamp:4  | Noticed a thorn hunter
 29623 | Swamp:4  | Reached skill level 15 in Invocations
 29633 | Swamp:4  | Killed a thorn hunter
 29668 | Swamp:4  | Reached skill level 10 in Fighting
 29807 | Swamp:4  | Noticed the 27-headed Lernaean hydra
 30119 | Spider:1 | Entered Level 1 of the Spider Nest
 32028 | Spider:3 | Got a dazzling scythe
 32034 | Spider:3 | Identified the cursed +1 scythe "Naoram" {flame, rF- MR+ Int+3} (You found it on level 3 of the Spider Nest)
 32397 | Spider:4 | Entered Level 4 of the Spider Nest
 32409 | Spider:4 | Reached XP level 18. HP: 58/121 MP: 16/34
 32998 | Spider:4 | Reached skill level 16 in Invocations
 33098 | Spider:4 | Noticed Norris
 33114 | Spider:4 | Noticed Arachne
 33116 | Spider:4 | Killed Norris
 33128 | Spider:4 | Killed Arachne
 33882 | Spider:4 | Got a gossamer rune of Zot
 34409 | D:15     | Found Zil Epum's Magic Scroll Shop.
 34455 | D:15     | Bought a scroll of identify for 36 gold pieces
 34455 | D:15     | Bought a scroll of enchant weapon for 135 gold pieces
 34455 | D:15     | Bought a scroll of magic mapping for 63 gold pieces
 34477 | D:15     | Killed a fire giant
 34637 | D:15     | Gained mutation: You are clumsy. (Dex -2) [mutagenic meat]
 34638 | D:15     | Gained mutation: Your spells are harder to cast, but more powerful. [mutagenic meat]
 34639 | D:15     | Lost mutation: Armour fits poorly on your strangely shaped body. [mutagenic meat]
 34943 | D:15     | Gained mutation: You are partially covered in thin metallic scales (AC +2). [mutagenic meat]
 35089 | Elf:1    | Entered Level 1 of the Elven Halls
 35362 | Elf:1    | Reached skill level 1 in Charms
 35437 | Elf:1    | Noticed Azrael
 35463 | Elf:1    | Killed Azrael
 35463 | Elf:1    | Reached skill level 17 in Invocations
 35712 | Elf:1    | Reached XP level 19. HP: 129/129 MP: 29/36
 36001 | Elf:2    | Found Urep's Distillery.
 36006 | Elf:2    | Bought a potion of curing for 48 gold pieces
 36006 | Elf:2    | Bought a potion of heal wounds for 80 gold pieces
 36006 | Elf:2    | Bought a potion of curing for 48 gold pieces
 36006 | Elf:2    | Bought a potion of resistance for 160 gold pieces
 36006 | Elf:2    | Bought a potion of heal wounds for 80 gold pieces
 36038 | Elf:2    | Found Sacsim's Magic Scroll Boutique.
 36044 | Elf:2    | Bought a scroll of blinking for 97 gold pieces
 36044 | Elf:2    | Bought a scroll of identify for 26 gold pieces
 36044 | Elf:2    | Bought a scroll of enchant armour for 97 gold pieces
 36044 | Elf:2    | Bought a scroll of blinking for 97 gold pieces
 36093 | Elf:2    | Found a runed door.
 36116 | Elf:2    | Found a runed door.
 36128 | Elf:2    | Noticed Agnes
 36134 | Elf:2    | Killed Agnes
 36336 | Elf:2    | Reached skill level 5 in Charms
 36916 | Elf:3    | Entered Level 3 of the Elven Halls
 36979 | Elf:3    | Reached skill level 18 in Invocations
 37370 | Elf:3    | Cast into the Abyss (a deep elf sorcerer)
 37425 | Elf:3    | Escaped the Abyss
 37737 | Elf:3    | Reached XP level 20. HP: 87/136 MP: 15/37
 37746 | Elf:3    | Reached skill level 19 in Invocations
 37887 | Elf:3    | Got a polished trident
 37888 | Elf:3    | Identified the +6 trident of Joyful Slaughter {freeze, rC- Dex+2 SInv} (You found it on level 3 of the Elven Halls)
 37930 | Elf:3    | Got a heavily runed iron ring
 37932 | Elf:3    | Identified the ring of Curiosity {MR+ Dex+4} (You found it on level 3 of the Elven Halls)
 37938 | Elf:3    | Got a bound platinum amulet
 37940 | Elf:3    | Identified the amulet "Soguf" {+Rage Str+5 Int+4 Dex-5} (You found it on level 3 of the Elven Halls)
 38018 | Elf:3    | Gained mutation: You are covered in fur (AC +1). [potion of beneficial mutation]
 38030 | Elf:3    | Got an ebony broad axe
 38031 | Elf:3    | Identified the +4 broad axe of Quarrel {freeze, +Blink rN+ Int-4 SInv} (You found it on level 3 of the Elven Halls)
 38050 | Elf:3    | Identified the Grimoire of the Thirteen Beggars
 38070 | Elf:3    | Got an ancient chain mail
 38081 | Elf:3    | Identified the cursed +1 chain mail "Beimac" {Int+5 Dex+4} (You found it on level 3 of the Elven Halls)
 38113 | Elf:3    | Got a wavering iron ring
 38121 | Elf:3    | Identified the ring of Molul {rF+ Dex+6} (You found it on level 3 of the Elven Halls)
 38527 | Lair:1   | Upgraded the game from 0.17-a0-870-gcb215c1 to 0.17-a0-877-ga10078a
 38785 | Vaults:1 | Entered Level 1 of the Vaults
 40735 | Vaults:2 | Found Sitaril's Distillery.
 40742 | Vaults:2 | Bought a potion of curing for 63 gold pieces
 40742 | Vaults:2 | Bought a potion of heal wounds for 105 gold pieces
 40787 | Vaults:2 | Found Meor's Weapon Boutique.
 40793 | Vaults:2 | Reached XP level 21. HP: 127/145 MP: 23/38
 40965 | Vaults:2 | Found Ozeabrewk's General Store.
 41131 | Vaults:2 | Found Zamucell's Jewellery Emporium.
 41471 | Vaults:2 | Found a staircase to the Crypt.
 42111 | Vaults:3 | Reached skill level 15 in Polearms
 42197 | Vaults:3 | Learned a level 3 spell: Regeneration
 42212 | Vaults:3 | Reached skill level 15 in Armour
 42351 | Vaults:3 | Found a radiant altar of Vehumet.
 42396 | Vaults:3 | Learned a level 7 spell: Orb of Destruction
 42801 | Vaults:3 | Reached XP level 22. HP: 122/151 MP: 39/39
 43908 | Vaults:4 | Found Uroepik's Assorted Antiques.
 43910 | Vaults:4 | Found Arhih's Jewellery Boutique.
 43914 | Vaults:4 | Bought a potion of heal wounds for 115 gold pieces
 43914 | Vaults:4 | Bought a warped chain mail for 218 gold pieces
 43924 | Vaults:4 | Identified the +7 chain mail of the Cooper {rElec rC+ rN+ Stlth+} (You bought it in a shop on level 4 of the Vaults)
 44224 | Vaults:4 | Found Capnufar's Weapon Boutique.
 44325 | Vaults:4 | Found Pynoruce's Antique Armour Shop.
 44603 | Vaults:5 | Entered Level 5 of the Vaults
 45111 | Vaults:5 | Reached XP level 23. HP: 70/157 MP: 36/40
 45449 | Vaults:5 | Noticed an ancient lich
 45467 | Vaults:5 | Paralysed by something for 7 turns
 45477 | Vaults:5 | Paralysed by something for 7 turns
 45492 | Vaults:5 | Shot with a bolt of flame by a yaktaur captain

Action                   |  1- 3 |  4- 6 |  7- 9 | 10-12 | 13-15 | 16-18 | 19-21 | 22-24 || total
-------------------------+-------+-------+-------+-------+-------+-------+-------+-------++-------
Melee: Mace              |    60 |    55 |       |       |       |       |       |       ||   115
       Dagger            |       |   158 |   159 |       |       |       |       |       ||   317
       Trident           |       |       |   304 |   611 |  1070 |       |       |       ||  1985
       Unarmed           |       |       |       |     6 |       |       |     1 |       ||     7
       Demon trident     |       |       |       |       |   411 |  1319 |  1496 |   580 ||  3806
 Fire: Blowgun           |       |       |     5 |       |       |       |       |       ||     5
Throw: Stone             |       |       |     5 |     1 |       |     1 |     2 |       ||     9
 Cast: Sting             |    38 |    68 |    17 |    37 |    21 |    16 |     2 |       ||   199
       Mephitic Cloud    |       |     6 |    10 |    23 |    18 |     4 |     3 |     3 ||    67
       Olgreb's Toxic Ra |       |       |    13 |    35 |    42 |    53 |    24 |     3 ||   170
       Venom Bolt        |       |       |       |       |     1 |     6 |    18 |     3 ||    28
       Repel Missiles    |       |       |       |       |     4 |     2 |     5 |     2 ||    13
       Blink             |       |       |       |       |     1 |     9 |     5 |     3 ||    18
       Phase Shift       |       |       |       |       |       |    14 |     6 |       ||    20
       Passage of Golubr |       |       |       |       |       |     5 |     2 |       ||     7
       Control Teleport  |       |       |       |       |       |     2 |       |     1 ||     3
       Apportation       |       |       |       |       |       |     1 |     1 |       ||     2
       Regeneration      |       |       |       |       |       |       |       |     1 ||     1
Invok: Bend Time         |       |       |       |     2 |     9 |    17 |     4 |     6 ||    38
       Slouch            |       |       |       |     1 |    19 |    10 |     8 |     4 ||    42
       Temporal Distorti |       |       |       |       |     1 |     5 |     3 |     4 ||    13
       Step From Time    |       |       |       |       |       |       |     2 |     1 ||     3
 Abil: Fly               |       |       |       |       |     1 |     2 |       |       ||     3
Evoke: Wand              |       |       |       |     5 |     2 |       |       |       ||     7
       Deck              |       |       |       |       |     1 |       |       |       ||     1
  Use: Scroll            |     1 |     4 |     6 |     9 |    10 |    18 |     6 |     1 ||    55
       Potion            |       |       |       |       |     5 |     2 |     1 |     3 ||    11
 Stab: Confused          |       |     1 |     2 |    17 |    16 |     3 |    15 |     3 ||    57
       Sleeping          |       |       |     3 |    12 |    28 |    12 |       |       ||    55
       Distracted        |       |       |       |     4 |     6 |    11 |     1 |     1 ||    23
       Fleeing           |       |       |       |       |     1 |       |       |       ||     1
       Held in net/web   |       |       |       |       |       |     1 |       |       ||     1
  Eat: Chunk             |     1 |     4 |     8 |    19 |    29 |    16 |     4 |     1 ||    82
       Beef jerky        |     1 |       |       |       |       |       |       |       ||     1
       Meat ration       |       |     1 |     2 |     1 |       |     2 |     1 |     1 ||     8
       Pizza             |       |       |     1 |       |       |       |       |       ||     1
       Fruit             |       |       |       |       |       |     4 |     5 |     5 ||    14
       Royal jelly       |       |       |       |       |       |     1 |       |     1 ||     2
